 Dungeon Crawl Stone Soup version 0.31-a0-222-gefeffbb62a (webtiles) character file.

Game seed: 5638542616468496408

1656 kae the Changer (level 8, -4/67 HPs)
             Began as a Demonspawn Transmuter on July 5, 2023.
             Was a Believer of Wu Jian.
             Slain by an orc warrior
             ... wielding a +0 glaive
              (14 damage)
             ... on level 6 of the Dungeon.
             The game lasted 00:09:08 (6777 turns).

kae the Changer (Demonspawn Transmuter)             Turns: 6777, Time: 00:09:09

Health: -4/67      AC:  7    Str: 10    XL:     8   Next: 68%
Magic:  14/14      EV: 10    Int: 17    God:    Wu Jian [**....]
Gold:   2873       SH:  0    Dex: 14    Spells: 5/15 levels left

rFire   x .          .
                       - Unarmed
rCold   + + +        (shield currently unavailable)
rNeg    . . .        c - melded +2 robe {rC+}
rPois   +            (helmet currently unavailable)
rElec   .            i - melded scarf {rC+ rF+}
rCorr   .            (gloves currently unavailable)
SInv    +            (boots unavailable)
Will    .....        o - amulet of magic regeneration
Stlth   +            Z - ring of wizardry
HPRegen 0.31/turn    v - ring of see invisible
MPRegen 0.54/turn

%: wizardry (x1)
@: ice-form
A: freezing attack, amphibious, boosted hp, large, (hooves 3), (molten scales
1), demonic guardian 1
a: End Transformation, Renounce Religion, Wall Jump


You were on level 6 of the Dungeon.
You worshipped Wu Jian.
Wu Jian was pleased with you.
You were a creature of crystalline ice.
You visited 2 branches of the dungeon, and saw 7 of its levels.

You collected 2873 gold pieces.


Innate Abilities, Weirdness & Mutations

You are a creature of crystalline ice.
You have a powerful freezing melee attack.
You are amphibious.
Your maximum health is increased.
Your armour is entirely melded.
You are incapable of wielding weapons or throwing items.
((You have hooves in place of feet.))
((You are partially covered in molten scales. (AC +2)))
A weak demonic guardian rushes to your aid.


   Skills:
 + Level 2.2 Fighting
 + Level 2.5 Dodging
 * Level 4.0 Unarmed Combat
 - Level 4.0 Spellcasting
 * Level 6.6 Transmutations
 * Level 5.0 Ice Magic
 - Level 2.0 Poison Magic


You had 5 spell levels left.
You knew the following spells:

 Your Spells              Type           Power      Damage    Failure   Level
a - Beastly Appendage     Tmut           52%        N/A       1%          1
b - Wereblood             Tmut           26%        N/A       1%          2
c - Spider Form           Tmut/Pois      18%        N/A       3%          3
d - Ice Form              Ice/Tmut       23%        N/A       6%          4

Your spell library contained the following spells:

 Spells                   Type           Power      Damage    Failure   Level
 Kiss of Death            Conj/Necr      12%        2d6       6%          1
 Necrotise                Necr           12%        1d4       6%          1
 Slow                     Hex            12%        N/A       6%          1
 Confusing Touch          Hex            3%         N/A       19%         3
 Inner Flame              Hex/Fire       3%         N/A       19%         3
 Stone Arrow              Conj/Erth      6%         3d7       19%         3
 Vampiric Draining        Necr           3%         2d6       19%         3
 Yara's Violent Unravell  Hex/Tmut       7%         3d5       38%         5
 Animate Armour           Summ/Erth      6%         N/A       50%         4
 Dispel Undead            Necr           3%         3d7       50%         4
 Agony                    Necr           3%         N/A       83%         5
 Fireball                 Conj/Fire      1%         3d3       83%         5
 Eringya's Noxious Bog    Tmut/Pois      9%         N/A       82%         6
 Enfeeble                 Hex            1%         N/A       100%        7
 Lehudib's Crystal Spear  Conj/Erth      1%         10d2      100%        8

Inventory:

Missiles
 f - 46 stones
 h - 2 poisoned darts
 j - 2 throwing nets {=f!f}
 k - 11 boomerangs
Armour
 a - a +0 robe
 c - a +2 robe of cold resistance (melded)
   (You found it on level 3 of the Dungeon)
 i - a scarf of resistance (melded)
   (You found it on level 1 of the Dungeon)
Jewellery
 o - an amulet of magic regeneration (around neck)
   (You took it off an orc wizard on level 4 of the Dungeon)
 v - a ring of see invisible (right front paw)
   (You found it on level 1 of the Dungeon)
 N - a ring of positive energy
   (You found it on level 1 of the Dungeon)
 P - a ring of poison resistance
   (You found it on level 5 of the Dungeon)
 Z - a ring of wizardry (left front paw)
   (You found it on level 3 of the Dungeon)
Wands
 e - a wand of mindburst (19)
   (You found it on level 3 of the Dungeon)
 s - a wand of flame (29)
   (You found it on level 6 of the Dungeon)
Scrolls
 p - a scroll of enchant armour {unknown}
Potions
 b - 5 potions of lignification {!q}
 d - a potion of degeneration {!q}
 g - 4 potions of heal wounds {@q2}
 l - 2 potions of haste {@q3}
 m - a potion of invisibility {unknown}
 n - 2 potions of enlightenment
 q - a potion of mutation {unknown}
 r - 2 potions of curing {unknown}

Dungeon Overview and Level Annotations

Branches:
Dungeon (6/15) Zot: 26315  Temple (1/1) D:4 Zot: 5771

Altars:
Ashenzari
Cheibriados
Dithmenos
Fedhas
Gozag
Hepliaklqana
Kikubaaqudgha
Nemelex Xobeh
Okawaru
Qazlal
Ru
Sif Muna
Trog
Vehumet
Wu Jian
Xom
Yredelemnul

Shops:
D:1

= #######
.......#################
.......#...............#
.......#...............#
.......+...............#
......o#)5.............#
.......Y....####.##..###
################.##..###
........... ...........
........... ............
.............
........... ###+##..##.


You could see an orc warrior (ally target) and a friendly shadow imp (summoned).


Message History

You hit the centaur. You freeze the centaur. The centaur hits you.
The centaur kicks you but does no damage.
A centaur is nearby! 😕 HP[-4] MP[+1]
You take 4 damage, and now have 57/67 hp.
You hit the centaur but do no damage. The centaur hits you.
The centaur kicks you but does no damage.
You punch the centaur! You freeze the centaur.
You kill the centaur!
The Council accepts your kill.
You can now perform airborne attacks.
Your Unarmed Combat skill increases to level 4! 😕 HP[-4] MP[+1]
You take 4 damage, and now have 53/67 hp.
Your mp is fully restored (14).
You open the door.
Your transformation is almost over.
You warm up again.
Your scarf of resistance unmelds from your body.
Your +2 robe of cold resistance unmelds from your body.
You feel resistant to extremes of temperature.
You feel resistant to cold.
There is an open door here.
You open the door.
There is an open door here.
An orc priest comes into view.
It is wielding a +0 short sword. 😎 HP[+3]
You now have 56 max hp (-11).
Your hp is fully restored (56).
An orc priest is nearby!
An orc priest is nearby!
An orc priest is nearby!
Casting: Ice Form (dangerous; 6% risk of failure)
Confirm with . or Enter, or press ? or * to list all spells.
You turn into a creature of crystalline ice.
Your scarf of resistance melds into your body.
Your +2 robe of cold resistance melds into your body.
You feel hot and cold all over.
You feel less resistant to cold.
The orc priest shouts!
You hear a shout! 😎 HP[+11] MP[-3]
You now have 67 max hp (+11).
Your hp is fully restored (67).
You lost 3 mp, and now have 11/14 mp.
An orc warrior and an orc come into view.
The orc shouts!
The orc priest calls down the wrath of Beogh upon you.
Beogh smites you!
There are monsters nearby! 😕 HP[-13] MP[+1]
You take 13 damage, and now have 54/67 hp.
You lunge at the orc priest.
You punch the orc priest! You freeze the orc priest.
The orc priest hits you with a +0 short sword.
You hit the orc priest but do no damage.
The orc warrior barely misses you.
There are monsters nearby! 😮 HP[-4] MP[+1]
You take 4 damage, and now have 50/67 hp.
You punch the orc priest! You freeze the orc priest.
You kill the orc priest!
The Council accepts your kill. The orc hits you but does no damage.
The orc warrior hits you from afar with a +0 glaive!
Your Ice Magic skill increases to level 5!
You are too injured to fight recklessly!
There are monsters nearby! 😮 HP[-11] MP[+1]
You take 11 damage, and now have 39/67 hp.
Your mp is fully restored (14).
You are too injured to fight recklessly!
You are too injured to fight recklessly!
There are monsters nearby!
You are too injured to fight recklessly!
You are too injured to fight recklessly!
You are too injured to fight recklessly!
You are too injured to fight recklessly!
You are too injured to fight recklessly!
You are too injured to fight recklessly!
You punch the orc! You freeze the orc.
You kill the orc!
The Council accepts your kill.
The orc warrior hits you from afar with a +0 glaive!
* * * LOW HITPOINT WARNING * * *
😨 HP[-12]
You take 12 damage, and now have 27/67 hp.
The orc warrior hits you with a +0 glaive!
* * * LOW HITPOINT WARNING * * *
Things that are here:
a +0 whip; an orc corpse; 😨 HP[-9]
You take 9 damage, and now have 18/67 hp.
Unknown command.
You completely miss the orc warrior. The orc warrior barely misses you.
You hit the orc warrior but do no damage.
The orc warrior hits you with a +0 glaive!
* * * LOW HITPOINT WARNING * * *
A demonic guardian appears!
Unknown command. 😱 HP[-8]
You take 8 damage, and now have 10/67 hp.
You barely miss the orc warrior.
The orc warrior hits you with a +0 glaive!
You die...

Skill      XL: |  1  2  3  4  5  6  7  8 |
---------------+-------------------------+-----
Transmutations | 2 3 4 5 6 |  6.6
Unarmed Combat | 3 4 |  4.0
Poison Magic   | 1 2 |  2.0
Spellcasting   | 3 4 |  4.0
Ice Magic      | 1 2 4 5 |  5.0
Dodging        | 2 |  2.5
Fighting       | 2 |  2.2

Action                     |  1- 3 |  4- 6 |  7- 9 || total
---------------------------+-------+-------+-------++-------
  Melee: Unarmed           |    72 |   208 |   214 ||   494
         Kick              |    10 |    23 |     4 ||    37
         Headbutt          |     8 |    14 |       ||    22
         Punch             |       |     3 |       ||     3
   Cast: Beastly Appendage |    12 |    21 |       ||    33
         Spider Form       |     1 |    19 |     2 ||    22
         Wereblood         |       |    10 |     6 ||    16
         Ice Form          |       |     1 |    28 ||    29
Ability: Lunge             |       |       |    17 ||    17
         Whirlwind         |       |       |     4 ||     4
    Use: Potion            |     1 |       |       ||     1
         Scroll            |       |    10 |     3 ||    13
   Stab: Distracted        |       |     1 |       ||     1
 Armour: Robe              |    13 |    29 |     3 ||    45
         Skin              |       |     7 |    78 ||    85
  Dodge: Dodged            |    53 |   181 |   103 ||   337

Levels and vault maps discovered:
D:1:      giann_bridges, layout_rooms, serial_shops, shop
D:2:      layout_rooms, uniq_terence
D:3:      layout_basic, mainiacjoe_overflow_boulevard
D:4:      lemuel_castle_with_subvaults [lemuel_castle_interior_carwin_1],
          layout_basic, minmay_temple_entry_slanted,
          chequers_serial_rivers_large_b
D:5:      kennysheep_spiral_hall, layout_rooms, saegor_snake_ambush
D:6:      layout_gridville
Temple:   regret_index_temple_chain_breaker

Notes
Turn   | Place    | Note
-------+----------+-------------------------------------------
     0 | D:1      | kae the Demonspawn Transmuter began the quest for the Orb.
     0 | D:1      | Reached XP level 1. HP: 15/15 MP: 3/3
     0 | D:1      | magus.rc [v1.11.3]
   105 | D:1      | Reached skill level 2 in Transmutations
   242 | D:1      | Lost mutation: You have razor-sharp toenails. [demonic
                  | ancestry]
   242 | D:1      | Lost mutation: You have sharp toenails. [demonic ancestry]
   242 | D:1      | Gained mutation: You have large cloven feet. [demonic
                  | ancestry]
   242 | D:1      | Reached XP level 2. HP: 21/21 MP: 3/5
   321 | D:1      | Found Fainn's Jewellery Shop.
   630 | D:2      | Reached skill level 3 in Unarmed Combat
   677 | D:2      | Reached XP level 3. HP: 26/26 MP: 3/6
   685 | D:2      | Learned a level 2 spell: Wereblood
   689 | D:2      | Learned a level 3 spell: Spider Form
   704 | D:2      | Identified the +8 ring mail of the Loofah {Will+ MP-9 Str+3
                  | Int+3}
   748 | D:2      | HP: 5/26 [orc priest/nerve-wracking pain (5)]
   751 | D:2      | Reached skill level 3 in Transmutations
   751 | D:2      | Reached skill level 1 in Poison Magic
   751 | D:2      | Gained mutation: You have hoof-like feet. [demonic
                  | ancestry]
   751 | D:2      | Reached XP level 4. HP: 7/32 MP: 2/7
   756 | D:2      | HP: 6/32 [orc/+0 club (3)]
   759 | D:2      | Noticed Terence
   761 | D:2      | HP: 6/32 [goblin/+0 dagger (2)]
  1027 | D:2      | Killed Terence
  1075 | D:2      | HP: 8/32 [adder (1)]
  1353 | D:2      | You pick up a book of Touch and begin reading...
  1353 | D:2      | You add the spells Kiss of Death, Confusing Touch and
                  | Dispel Undead to your library.
  1662 | D:3      | Gained mutation: A weak demonic guardian rushes to your
                  | aid. [demonic ancestry]
  1662 | D:3      | Reached XP level 5. HP: 37/37 MP: 6/9
  1742 | D:3      | Found a bloodstained altar of Trog.
  1792 | D:3      | Reached skill level 2 in Poison Magic
  2319 | D:3      | You pick up a book of Necromancy and begin reading...
  2319 | D:3      | You add the spells Necrotise, Vampiric Draining and Agony
                  | to your library.
  2702 | D:4      | Reached skill level 3 in Spellcasting
  2768 | D:4      | Reached skill level 4 in Transmutations
  2779 | D:4      | Learned a level 4 spell: Ice Form
  3052 | D:4      | Reached skill level 1 in Ice Magic
  3064 | D:4      | Gained mutation: You are partially covered in molten
                  | scales. (AC +2) [demonic ancestry]
  3064 | D:4      | Reached XP level 6. HP: 15/43 MP: 3/10
  3159 | D:4      | You pick up a book of Misfortune and begin reading...
  3159 | D:4      | You add the spells Inner Flame, Yara's Violent Unravelling
                  | and Enfeeble to your library.
  3420 | D:4      | Reached skill level 2 in Ice Magic
  3645 | D:4      | Found a staircase to the Ecumenical Temple.
  3671 | Temple   | Entered the Ecumenical Temple
  3894 | Temple   | Became a worshipper of the Wu Jian Council
  3901 | D:4      | Identified a scroll of acquirement
  3901 | D:4      | Acquired 1185 gold pieces
  4024 | D:4      | Reached skill level 5 in Transmutations
  4024 | D:4      | Reached XP level 7. HP: 20/48 MP: 8/12
  4317 | D:4      | Identified the +1 robe of the Fisher {Rampage}
  4437 | D:4      | HP: 14/57 [gnoll/+0 club (3)]
  4443 | D:4      | HP: 13/57 [gnoll/+0 spear (1)]
  4443 | D:4      | HP: 6/57 [orc wizard/magic dart (7)]
  4445 | D:4      | HP: 2/57 [gnoll/+0 spear (3)]
  4446 | D:4      | Reached skill level 3 in Ice Magic
  4831 | D:4      | Reached skill level 4 in Spellcasting
  5009 | D:5      | Entered Level 5 of the Dungeon
  5058 | D:5      | HP: 10/57 [gnoll/+0 spear[a gnoll sergeant] (5)]
  5072 | D:4      | HP: 12/57 [orc/+0 club (2)]
  5218 | D:5      | Reached * piety under Wu Jian
  5222 | D:5      | Reached skill level 4 in Ice Magic
  5411 | D:5      | You add the spells Fireball and Eringya's Noxious Bog to
                  | your library.
  5411 | D:5      | Got the Directory of Shifting Oxidation
  5498 | D:5      | Reached skill level 6 in Transmutations
  5498 | D:5      | Gained mutation: You have hooves in place of feet. [demonic
                  | ancestry]
  5498 | D:5      | Reached XP level 8. HP: 54/54 MP: 14/14
  5586 | D:5      | You pick up a book of Armaments and begin reading...
  5586 | D:5      | You add the spells Stone Arrow, Animate Armour and
                  | Lehudib's Crystal Spear to your library.
  5668 | D:5      | Reached skill level 2 in Dodging
  5726 | D:5      | You pick up a book of Debilitation and begin reading...
  6081 | D:5      | Acquired 1240 gold pieces
  6610 | D:6      | Reached skill level 2 in Fighting
  6687 | D:6      | Reached ** piety under Wu Jian
  6688 | D:6      | Reached skill level 4 in Unarmed Combat
  6773 | D:6      | Reached skill level 5 in Ice Magic
  6776 | D:6      | HP: 10/67 [orc warrior/+0 glaive (9)]
  6777 | D:6      | Slain by an orc warrior

Vanquished Creatures
  A black bear (D:4)
  An ogre (D:6)
  3 centaurs
  3 gnoll sergeants
  2 scorpions
  2 jellies (D:5)
  2 orc priests
  2 hounds (D:4)
  3 iguanas (D:5)
  Terence (D:2)
  2 orc wizards
  27 gnolls
  12 adders
  2 worms (D:2)
  3 dart slugs
  38 orcs
  7 endoplasms
  3 giant cockroaches
  5 hobgoblins
  16 jackals
  5 quokkas
  7 ball pythons
  4 bats
  3 frilled lizards
  9 goblins
  8 kobolds
  2 rats
173 creatures vanquished.

Vanquished Creatures (collateral kills)
  A jelly (D:4)
  An iguana (D:6)
  A gnoll (D:4)
  2 jackals (D:4)
5 creatures vanquished.

Grand Total: 178 creatures vanquished

Table legend:
 A = Non-vault XP
 B = Vault XP
 C = Vault XP percentage of total XP
 D = Non-vault monster count
 E = Vault monster count
 F = Vault count percentage of total count
                 A         B        C        D         E       F
            +---------+---------+-------+---------+---------+-------
      Total |    1697 |     669 |  28.3 |     118 |      60 |  33.7
            +---------+---------+-------+---------+---------+-------
        D:1 |      31 |       0 |   0.0 |      19 |       0 |   0.0
        D:2 |     121 |      36 |  22.9 |      21 |       1 |   4.5
        D:3 |      47 |       0 |   0.0 |      19 |       0 |   0.0
        D:4 |     330 |     528 |  61.5 |      19 |      53 |  73.6
        D:5 |     559 |     105 |  15.8 |      22 |       6 |  21.4
        D:6 |     609 |       0 |   0.0 |      18 |       0 |   0.0
            +---------+---------+-------+---------+---------+-------

Skill      XL: |  1  2  3  4  5  6  7  8 |
---------------+-------------------------+-----
Transmutations | 2 3 4 5 6 |  6.6
Unarmed Combat | 3 4 |  4.0
Poison Magic   | 1 2 |  2.0
Spellcasting   | 3 4 |  4.0
Ice Magic      | 1 2 4 5 |  5.0
Dodging        | 2 |  2.5
Fighting       | 2 |  2.2

Action                     |  1- 3 |  4- 6 |  7- 9 || total
---------------------------+-------+-------+-------++-------
  Melee: Unarmed           |    72 |   208 |   214 ||   494
         Kick              |    10 |    23 |     4 ||    37
         Headbutt          |     8 |    14 |       ||    22
         Punch             |       |     3 |       ||     3
   Cast: Beastly Appendage |    12 |    21 |       ||    33
         Spider Form       |     1 |    19 |     2 ||    22
         Wereblood         |       |    10 |     6 ||    16
         Ice Form          |       |     1 |    28 ||    29
Ability: Lunge             |       |       |    17 ||    17
         Whirlwind         |       |       |     4 ||     4
    Use: Potion            |     1 |       |       ||     1
         Scroll            |       |    10 |     3 ||    13
   Stab: Distracted        |       |     1 |       ||     1
 Armour: Robe              |    13 |    29 |     3 ||    45
         Skin              |       |     7 |    78 ||    85
  Dodge: Dodged            |    53 |   181 |   103 ||   337

Illustrated notes

Table legend:
 A = Kills in this place as a percentage of kills in the entire game.
 B = Kills by you in this place as a percentage of kills by you in the entire game.
 C = Kills by friends in this place as a percentage of kills by friends in the entire game.
 D = Other kills in this place as a percentage of other kills in the entire game.
 E = Experience gained in this place as a percentage of experience gained in the entire game.
 F = Experience gained in this place divided by the number of levels of this place that you have seen.
                   A       B       C       D       E      F
               +-------+-------+-------+-------+-------+----------------------
         Total | 100.0 | 100.0 | 100.0 |   N/A | 100.0 | 338.0
       Dungeon | 100.0 | 100.0 | 100.0 |   N/A | 100.0 | 394.3
               +-------+-------+-------+-------+-------+----------------------

Table legend: (Time is in decaauts)
 A = Elapsed time spent in this place.
 B = Non-inter-level travel time spent in this place.
 C = Inter-level travel time spent in this place.
 D = Time resting spent in this place.
 E = Time spent auto-exploring this place.
 F = Levels seen in this place.
 G = Mean time per level.
                   A        B        C        D        E       F      G
               +--------+--------+--------+--------+--------+-----+--------+
         Total |   6796 |   6594 |    202 |    157 |   5072 |   7 |  970.9 |
       Dungeon |   6567 |   6369 |    198 |    157 |   4880 |   6 | 1094.5 |
        Temple |    228 |    224 |      4 |      0 |    192 |   1 |  228.0 |
               +--------+--------+--------+--------+--------+-----+--------+

Top non-repeatable levels by time:
     D:4: 2283 daAuts
     D:3: 1065 daAuts
     D:5: 935 daAuts
     D:2: 830 daAuts
     D:1: 768 daAuts
     D:6: 683 daAuts
  Temple: 228 daAuts
